 Dungeon Sprint DCSS version 0.28.0-43-g3370ac3207 (webtiles) character file.

Game seed: 367534747365180661

900000 smarlow the Sorcerer (level 14, -34/112 HPs)
             Began as a Djinni Warper on Mar 9, 2022.
             Was a Priest of Makhleb.
             Annihilated by a meat berserker
             ... wielding a +9 battleaxe
              (69 damage)
             ... in the Dungeon (Sprint VIII: "Arena of Blood").
             The game lasted 00:00:38 (9 turns).

smarlow the Sorcerer (Djinni Warper)                   Turns: 9, Time: 00:00:39

Health: -34/112    AC:  3    Str: 14    XL:     14   Next: 83%
Gold:   0          EV: 18    Int: 16    God:    Makhleb [***...] SH:  0 Dex: 13

rFire   + + .      SeeInvis .   i - +∞ Axe of Woe
rCold   x . .      Faith    .   (shield currently unavailable)
rNeg    . . .      Spirit   .   b - +0 leather armour
rPois   ∞          Reflect  .   (no helmet)
rElec   .          Harm     .   (no cloak)
rCorr   .          Rampage  .   (no gloves)
Will    +....      NoTele   +   (boots unavailable)
Stlth   +.........              (no amulet)
HPRegen 0.28/turn               (no ring)
MPRegen 0.00/turn               (no ring)

@: flying
A: sickness immunity, fire resistance 2, cold vulnerability 1, float, innate
caster, HP casting, extra vitality 1
a: Renounce Religion, Minor Destruction, Lesser Servant of Makhleb


You were in the Dungeon.
You worshipped Makhleb.
Makhleb was most pleased with you.
You visited 1 branch

Inventory:

Hand Weapons
 a - a +0 hand axe
 i - the +∞ Axe of Woe (weapon)
   (You found it in the Dungeon)
Missiles
 d - 5 boomerangs of dispersal
Armour
 b - a +0 leather armour (worn)
Scrolls
 c - 2 scrolls of blinking
Potions
 e - a potion of curing
 f - a potion of heal wounds
 g - a potion of haste
 h - a potion of berserk rage


   Skills:
 + Level 14.0 Fighting
 + Level 14.3 Axes
 + Level 4.8 Throwing
 + Level 4.1 Armour
 + Level 14.9 Dodging
 + Level 22.9 Spellcasting


You had 24 spell levels left.
You knew the following spells:

 Your Spells              Type           Power      Damage    Failure   Level
a - Blink                 Tloc           100%       N/A       0%          2
b - Lesser Beckoning      Tloc           75%        N/A       0%          3
c - Gell's Gravitas       Tloc           75%        N/A       0%          3
d - Teleport Other        Tloc           75%        N/A       0%          3
e - Manifold Assault      Tloc           75%        N/A       0%          5
f - Shock                 Conj/Air       100%       1d9       0%          1
g - Corpse Rot            Necr/Air       100%       N/A       0%          2
h - Stone Arrow           Conj/Erth      100%       3d13      0%          3
i - Frozen Ramparts       Ice            100%       1d12      0%          3
j - Summon Ice Beast      Ice/Summ       75%        N/A       0%          4
k - Irradiate             Conj/Tmut      37%        3d25      0%          5
Your spell library was empty.

Dungeon Overview and Level Annotations

Branches:
Dungeon (1/1)

Altars:
Makhleb


Innate Abilities, Weirdness & Mutations

You are immune to sickness and miasma.
You are immune to poison.
Your flesh is very heat resistant. (rF++)
You are vulnerable to cold. (rC-)
You float through the air rather than walking.
You learn spells naturally, not from books.
Your magical power is your life essence.
You have superior vitality. (+4 MHP)


Message History

The meat berserker appears out of thin air!
A meat berserker comes into view. It is wielding a +9 battleaxe.
The meat berserker shouts!
You hear a shout! x4
The bag of meat hits you with a +9 war axe!
A bag of meat comes into view. It is wielding a +9 war axe.
The meat berserker barely misses you.
You hear a shout!
A bag of meat comes into view. It is wielding a +9 war axe. x2
You hear a shout!
The bag of meat hits you with a +9 war axe!!
You hear a shout! x2; The bag of meat shouts!
Your Fighting skill gained 4 levels and is now at level 14!
Your Axes skill gained 5 levels and is now at level 14!
Your Throwing skill increases to level 4!
Your Armour skill increases to level 4!
Your Dodging skill gained 3 levels and is now at level 14!
Your Spellcasting skill gained 4 levels and is now at level 22!
You have reached level 13!
The power to cast Irradiate wells up from within.
Spell assigned to 'k'.
You have reached level 14!
Space momentarily warps into an impossible shape!
You slice the bag of meat!!
You fatally mangle the bag of meat.
You kill the bag of meat!
Makhleb accepts your kill.
You slice the bag of meat!!
You slaughter the bag of meat joyfully.
You kill the bag of meat!
Makhleb accepts your kill.
You feel better.
You hit the bag of meat.
You fatally mangle the bag of meat.
You kill the bag of meat!
Makhleb accepts your kill.
You can now summon a lesser servant of Makhleb.
The bag of meat appears out of thin air!
A bag of meat comes into view. It is wielding a +9 war axe.
The bag of meat shouts!
The meat berserker hits you with a +9 battleaxe!!!
You hear a shout! x2
The meat berserker hits you with a +9 battleaxe!!!
Ouch! That really hurt!
You die...

.o)...........
O........o...
o...........
....o......
....o.....
#)......#
#.)O)...#
...###.@O....###.
........###......
#.....o.._.......
.....)#.....#.O..
......#_.<._# .
.).)..#.....#
#........_.....
........###......
...###... ..###.


You could see 3 meat berserkers and 6 bags of meat.

Vanquished Creatures
  2 ogres (D)
  6 orcs (D)
8 creatures vanquished.

Notes
Turn   | Place    | Note
-------+----------+-------------------------------------------
     0 | D        | Found the +∞ Axe of Woe
     0 | D        | smarlow the Djinni Warper began the quest for the Orb.
     0 | D        | Reached XP level 1. HP: 18/18 MP: 0/0
     1 | D        | Noticed a bag of meat
     3 | D        | Became a worshipper of Makhleb the Destroyer
     4 | D        | Noticed a meat berserker
     5 | D        | Noticed a bag of meat
     5 | D        | Noticed a bag of meat
     5 | D        | Noticed a bag of meat
     6 | D        | Noticed a bag of meat
     6 | D        | Noticed a meat berserker
     6 | D        | Noticed a meat berserker
     6 | D        | Noticed a bag of meat
     7 | D        | Killed a meat berserker
     7 | D        | Noticed a meat berserker
     7 | D        | Noticed a bag of meat
     7 | D        | Noticed a bag of meat
     8 | D        | Reached skill level 10 in Fighting
     8 | D        | Reached skill level 18 in Spellcasting
     8 | D        | Reached XP level 2. HP: 36/36 MP: 0/0
     8 | D        | Reached XP level 3. HP: 41/41 MP: 0/0
     8 | D        | Learned a level 1 spell: Shock
     8 | D        | Reached XP level 4. HP: 47/47 MP: 0/0
     8 | D        | Reached XP level 5. HP: 52/52 MP: 0/0
     8 | D        | Learned a level 2 spell: Corpse Rot
     8 | D        | Reached XP level 6. HP: 58/58 MP: 0/0
     8 | D        | Reached XP level 7. HP: 64/64 MP: 0/0
     8 | D        | Learned a level 3 spell: Stone Arrow
     8 | D        | Reached XP level 8. HP: 69/69 MP: 0/0
     8 | D        | Reached XP level 9. HP: 75/75 MP: 0/0
     8 | D        | Learned a level 3 spell: Frozen Ramparts
     8 | D        | Reached XP level 10. HP: 81/81 MP: 0/0
     8 | D        | Reached XP level 11. HP: 86/86 MP: 0/0
     8 | D        | Learned a level 4 spell: Summon Ice Beast
     8 | D        | Reached XP level 12. HP: 92/92 MP: 0/0
     8 | D        | Killed a bag of meat
     8 | D        | Reached * piety under Makhleb
     8 | D        | Killed a meat berserker
     8 | D        | Killed a bag of meat
     8 | D        | Killed a bag of meat
     8 | D        | Reached ** piety under Makhleb
     8 | D        | Noticed a meat berserker
     8 | D        | Noticed a bag of meat
     8 | D        | Noticed a bag of meat
     8 | D        | Noticed a bag of meat
     9 | D        | Reached skill level 22 in Spellcasting
     9 | D        | Reached XP level 13. HP: 54/105 MP: 0/0
     9 | D        | Learned a level 5 spell: Irradiate
     9 | D        | Reached XP level 14. HP: 57/112 MP: 0/0
     9 | D        | Killed a bag of meat
     9 | D        | Killed a bag of meat
     9 | D        | Killed a bag of meat
     9 | D        | Reached *** piety under Makhleb
     9 | D        | Noticed a bag of meat
     9 | D        | Annihilated by a meat berserker

Illustrated notes

Levels and vault maps discovered:
D:        meatsprint

Skill      XL: |  1  2  3  4  5  6  7  8  9 10 11 12 |
---------------+-------------------------------------+-----
Fighting       | 10 14 | 14.0
Axes           | 9 14 | 14.3
Throwing       | 3 4 |  4.8
Armour         | 3 4 |  4.1
Dodging        | 11 14 | 14.9
Spellcasting   | 18 22 | 22.9

Action                   |  1- 3 |  4- 6 |  7- 9 | 10-12 | 13-15 || total
-------------------------+-------+-------+-------+-------+-------++-------
Melee: Executioner's axe |     1 |       |       |     4 |     3 ||     8
 Cast: Manifold Assault  |       |       |       |     1 |     1 ||     2
Dodge: Dodged            |       |       |       |     1 |       ||     1
